 Dungeon Crawl Stone Soup version 0.28-a0-1159-g27aa881441 (webtiles) character file.

Game seed: 142543745395511049

71 coolguy420 the Conjurer (level 4, -3/24 HPs)
             Began as a Deep Elf Conjurer on Dec 15, 2021.
             Slain by an ice beast (5 damage)
             ... on level 3 of the Dungeon.
             The game lasted 00:02:30 (2210 turns).

coolguy420 the Conjurer (Deep Elf Conjurer)         Turns: 2210, Time: 00:02:30

Health: -3/24      AC:  2    Str:  4    XL:     4   Next: 5%
Magic:  7/11       EV: 12    Int: 25    God:
Gold:   126        SH:  0    Dex: 13    Spells: 7/10 levels left

rFire   . . .      SeeInvis .   (no weapon)
rCold   . . .      Faith    .   (no shield)
rNeg    . . .      Spirit   .   a - +0 robe
rPois   .          Reflect  .   (no helmet)
rElec   .          Harm     .   (no cloak)
rCorr   .          Rampage  .   (no gloves)
Will    .....                   (no boots)
Stlth   ++........              (no amulet)
HPRegen 0.08/turn               (no ring)
MPRegen 0.12/turn               (no ring)

@: no status effects
A: no striking features
a: no special abilities


You were on level 3 of the Dungeon.
You visited 1 branch of the dungeon, and saw 3 of its levels.

You collected 126 gold pieces.

Inventory:

Armour
 a - a +0 robe (worn)
Jewellery
 e - a ring of protection from fire
 f - a +6 ring of dexterity
 i - a +6 ring of intelligence
Scrolls
 c - a scroll of enchant weapon {unknown}
 j - a scroll of identify {unknown}
Potions
 b - a potion of mutation {unknown}
 d - 2 potions of heal wounds {unknown}
 g - a potion of flight {unknown}
 h - a potion of degeneration {unknown}
 k - a potion of might {unknown}


   Skills:
 + Level 2.5 Dodging
 + Level 2.6 Stealth
 + Level 3.7 Spellcasting
 + Level 5.8 Conjurations


You had 7 spell levels left.
You knew the following spells:

 Your Spells              Type           Power      Damage    Failure   Level
a - Magic Dart            Conj           100%       1d8       1%          1
b - Searing Ray           Conj           66%        2d6       1%          2

Your spell library contained the following spells:

 Spells                   Type           Power      Damage    Failure   Level
 Dazzling Flash           Conj/Hex       38%        N/A       9%          3
 Fulminant Prism          Conj/Hex       9%         3d7       28%         4
 Iskenderun's Mystic Bla  Conj/Tloc      19%        2d6       28%         4


Dungeon Overview and Level Annotations

Branches:
Dungeon (3/15)

Altars:

Annotations:
D:2 Sigmund


Message History

A quokka is nearby!
The magic dart hits the quokka!
You kill the quokka!
A kobold comes into view. It is wielding a +0 short sword.
The magic dart hits the kobold.
The kobold is moderately wounded.
The magic dart hits the kobold!
You kill the kobold!
Items here: )) ††.
You now have 115 gold pieces (gained 15).
Things that are here:
a +0 short sword; 2 stones
Found 11 stones.
You see here 11 stones.
You now have 126 gold pieces (gained 11).
Found a stone staircase leading up.
Items here: )) ††.
As you open the door, it creaks loudly!
There is an open door here.
Found a stone staircase leading down.
An ice beast comes into view.
The magic dart hits the ice beast.
The ice beast is lightly wounded.
The ice beast hits you. The ice beast freezes you!
Casting: Magic Dart (safe; 1% risk of failure)
Confirm with . or Enter, or press ? or * to list all spells.
Aiming: Searing Ray (safe; 1% risk of failure)
Press: ? - help, Shift-Dir - straight line, f/p - ice beast
Aim: an ice beast (lightly wounded, 81% to hit)
The searing ray hits the ice beast!
The ice beast is heavily wounded. (Press . to maintain the ray.)
The ice beast hits you. The ice beast freezes you.
* * * LOW HITPOINT WARNING * * *
The searing ray hits the ice beast.
The ice beast is heavily wounded.
The ice beast hits you.
* * * LOW HITPOINT WARNING * * *
The ice beast freezes you.
You die...

#....#.#
#...##......##
####.#.#
#..)##'....## #.#.#
#.........##
#.#.###........##
#.#...........##
#.####.##'##+##
#....)..#..#.#####.#
##########.#.Y......
#.#@# #.#.# #...#
##..# #..# #..# .#.#
.#.# ...>#


You could see an ice beast.

Vanquished Creatures
  A gnoll (D:1)
  An adder (D:2)
  2 endoplasms (D:1)
  3 giant cockroaches
  7 goblins
  5 hobgoblins
  5 jackals
  3 quokkas
  7 ball pythons
  4 bats
  2 frilled lizards (D:1)
  3 kobolds
  A rat (D:1)
44 creatures vanquished.

Vanquished Creatures (others)
  2 plants (D:2)
2 creatures vanquished.

Grand Total: 46 creatures vanquished

Notes
Turn   | Place    | Note
-------+----------+-------------------------------------------
     0 | D:1      | coolguy420 the Deep Elf Conjurer began the quest for the
                  | Orb.
     0 | D:1      | Reached XP level 1. HP: 10/10 MP: 6/6
   311 | D:1      | Reached XP level 2. HP: 15/15 MP: 4/8
   429 | D:1      | Reached skill level 5 in Conjurations
   943 | D:1      | Reached XP level 3. HP: 19/19 MP: 6/9
  1777 | D:2      | Found a faded altar of an unknown god.
  1819 | D:2      | Noticed Sigmund
  1950 | D:3      | Learned a level 2 spell: Searing Ray
  2036 | D:3      | Reached XP level 4. HP: 24/24 MP: 8/11
  2207 | D:3      | Noticed an ice beast
  2210 | D:3      | Slain by an ice beast

Illustrated notes

Levels and vault maps discovered:
D:1:      amcnicky_arrival_choice, layout_loops_ring
D:2:      layout_loops_ring, shapermc_ecumenical_altar_acropolis, uniq_sigmund
D:3:      layout_basic, nicolae_ashenzari_panopticon, corexii_hall_statues_i

Skill      XL: |  1  2 |
---------------+-------+-----
Conjurations   | 5 |  5.8
Dodging        | |  2.5
Stealth        | |  2.6
Spellcasting   | |  3.7

Action                   |  1- 3 |  4- 6 || total
-------------------------+-------+-------++-------
 Cast: Magic Dart        |    72 |     4 ||    76
       Searing Ray       |       |     1 ||     1
Armor: Robe              |     1 |       ||     1
Dodge: Dodged            |     1 |       ||     1

Table legend: (Time is in decaauts)
 A = Elapsed time spent in this place.
 B = Non-inter-level travel time spent in this place.
 C = Inter-level travel time spent in this place.
 D = Time resting spent in this place.
 E = Time spent auto-exploring this place.
 F = Levels seen in this place.
 G = Mean time per level.
                   A        B        C        D        E       F      G
               +--------+--------+--------+--------+--------+-----+--------+
         Total |   2209 |   2077 |    132 |      0 |   1911 |   3 |  736.3 |
       Dungeon |   2209 |   2077 |    132 |      0 |   1911 |   3 |  736.3 |
               +--------+--------+--------+--------+--------+-----+--------+

Top non-repeatable levels by time:
     D:1: 1205 daAuts
     D:2: 716 daAuts
     D:3: 287 daAuts
